cohdb
Replays
Latest Replays
All Replays
Popular Replays
Top Player Replays
Match Explorer
How It Works
Community
CoH3 Stats
Reddit
Sign in to upload your games and track your stats! →
Sign in with Steam
Match 43304425
Unlisted
Match 43304425
Overview
Messages
Build Orders
End
Royal Engineer Section
Construct Section Command Post
Selects Canadian Shock Battlegroup
Vickers Machine Gun Team
Royal Engineer Section
Selects Attacking Spirit
Selects Canadian Shock Section
Canadian Shock Section
ML 3-inch Mortar Team
Construct Platoon Command Post
Unlock Bishop Self-propelled Artillery
Selects Incendiary Munitions
Canadian Shock Section
Humber Armored Car
Canadian Shock Section
Selects Pyrotechnics
AI Takeover
Scam Likely
torq1
Lanceolatum
2StrokeColdSmoke
Gremchick
Граф Гематоген
0
0
Comments
sign in to comment!
No comments posted yet!